 Dungeon Crawl Stone Soup version 0.20-a0-839-gdaf5c57 (webtiles) character file.

4661 krabocopter the Fighter (level 10, -11/86 HPs)
             Began as a Demonspawn Gladiator on Mar 8, 2017.
             Mangled by an orc warrior
             ... wielding a +0 glaive
              (19 damage)
             ... on level 9 of the Dungeon.
             The game lasted 00:26:52 (9247 turns).

krabocopter the Fighter (Demonspawn Gladiator)      Turns: 9247, Time: 00:26:53

Health: -11/86     AC:  6    Str: 16    XL:     10   Next: 20%
Magic:  10/10      EV: 19    Int:  9    God:
Gold:   451        SH:  0    Dex: 17    Spells: 9/9 levels left

rFire    . . .     SeeInvis .   l - +4 spear (freeze) (curse)
rCold    + . .     Gourm    .   p - +2 leather armour {rN+}
rNeg     + . .     Faith    .   (no shield)
rPois    .         Spirit   .   c - +0 helmet
rElec    .         Reflect  .   (no cloak)
rCorr    .         Harm     .   (no gloves)
MR       +....                  (no boots)
Stlth    +.........             x - amulet of rage
Regen    0.3/turn               (no ring)
MPRegen  0.2/turn               (no ring)

@: no status effects
A: claws 2, cold resistance 1, foul stench 1, magic resistance 1, spiny 1, rot
immunity, sturdy frame 1
a: Evoke Berserk Rage


You were on level 9 of the Dungeon.
You were not hungry.

You visited 2 branches of the dungeon, and saw 11 of its levels.
You also visited: Sewer.

You collected 451 gold pieces.

Inventory:

Hand Weapons
 l - a cursed +4 spear of freezing (weapon)
Missiles
 d - 4 throwing nets (quivered)
Armour
 c - a +0 helmet (worn)
 p - a +2 leather armour of positive energy (worn)
 v - a +2 pair of gloves
Jewellery
 x - an amulet of rage (around neck)
 y - an uncursed ring of teleportation
 F - an uncursed ring of protection from magic {unknown}
Wands
 t - a wand of paralysis (8/24)
 w - a wand of paralysis (13/24)
 B - a wand of confusion (16/48)
Scrolls
 e - 2 scrolls of fog
 i - 3 scrolls of enchant weapon
 j - 3 scrolls of remove curse
 k - 3 scrolls of magic mapping
 m - 6 scrolls of identify
 A - a scroll of enchant armour {unknown}
 D - a scroll of random uselessness {unknown}
Potions
 a - a potion of mutation
 b - 2 potions of ambrosia
 h - 4 potions of flight
 o - 2 potions of curing
 r - a potion of haste {unknown}
 z - a potion of berserk rage {unknown}
 C - a potion of lignification {unknown}
Books
 s - a book of Geomancy

   Spells                             Type                      Level
   a - Sandblast                      Earth                        1
   b - Passwall                       Transmutation/Earth          2
   c - Stone Arrow                    Conjuration/Earth            3
   d - Petrify                        Transmutation/Earth          4
   e - Lee's Rapid Deconstruction     Earth                        5
Comestibles
 f - 4 bread rations
 g - 2 meat rations
 u - 12 fruits
 E - 11 royal jellies


   Skills:
 + Level 10.9 Fighting
 - Level 2.6 Polearms
 - Level 1.7 Throwing
 + Level 9.8 Dodging
 - Level 1.2 Unarmed Combat


You had 9 spell levels left.
You didn't know any spells.

Dungeon Overview and Level Annotations

Branches:
Dungeon (10/15)            Temple (1/1) D:6
   Lair: D:8-11         Orc: D:9-12

Altars:
Ashenzari
Cheibriados
Dithmenos
Elyvilon
Fedhas
Gozag
Hepliaklqana
Kikubaaqudgha
Makhleb
Nemelex Xobeh
Okawaru
Qazlal
Ru
Sif Muna
Trog
Uskayaw
Vehumet
Wu Jian
Xom
Yredelemnul
Zin
The Shining One

Shops:
D:9 [!


Innate Abilities, Weirdness & Mutations

You have very sharp fingernails.
Your flesh is cold resistant. (rC+)
You may emit foul miasma when damaged in melee.
You are partially covered in sharp spines.
You are immune to rotting.
Your movements are slightly less encumbered by armour. (ER -2)
You are resistant to hostile enchantments. (MR+)


Message History

You hit the troll. You freeze the troll. The troll barely misses you.
The troll claws you! The troll completely misses you.
The orc warrior hits you from afar with a glaive!!
* * * LOW HITPOINT WARNING * * *
You take 31 damage, and have 18/86 hp.
MASSIVE DAMAGE!!
Okay, then.
The troll bites you.
* * * LOW HITPOINT WARNING * * *
The troll claws you but does no damage. The troll claws you.
* * * LOW HITPOINT WARNING * * *
The orc warrior closely misses you.
You take 4 damage, and have 14/86 hp.
Okay, then.
You feel better. The troll bites you!
* * * LOW HITPOINT WARNING * * *
The troll claws you.
* * * LOW HITPOINT WARNING * * *
The troll barely misses you.
The orc warrior hits you from afar with a glaive!!
You die...

.8.###o#.##........#
.'..o))..((.........
.8.#####..#.#.......
#)...........
###[#..........
###o.>)..#P......
##.oW#[...#≈P≈..##
#.T##...#.P≈≈≈≈PPP
#@###...##≈≈♣♣≈P≈≈
###.###...#P≈≈♣ ♣♣P
#...#....##P≈♣♣ P≈
#..........P≈P♣♣
#######..#.PP≈≈♣
#∩#..###P≈P≈P≈
#.#..#


#P.PP #....# .PP #....# ## You could see a troll, a phantom, an orc warrior and
an orc.

Vanquished Creatures
  A two-headed ogre (D:8)
  6 yaks (D:6)
  A hungry ghost (D:7)
  Duvessa (D:3)
  4 orc warriors
  A black bear (D:10)
  An ice beast (D:8)
  A sky beast (D:6)
  3 necrophages
  2 ogres
  A centaur (D:8)
  A big kobold (Sewer)
  A bullfrog (D:7)
  A water moccasin zombie (D:6)
  Dowan (D:3)
  2 scorpions
  7 wights
  2 crimson imps
  A centaur zombie (D:9)
  4 jellies
  4 orc priests
  A centaur skeleton (D:8)
  A bullfrog zombie (D:9)
  A hound (D:9)
  2 orc wizards
  An iguana (D:6)
  Natasha (twice) (D:4)
  7 worker ants
  A hound skeleton (D:10)
  2 mummies
  2 worker ant zombies
  12 adders
  2 river rats (Sewer)
  4 shadow imps
  A white imp (D:4)
  6 oozes
  3 adder zombies
  2 adder skeletons
  3 leopard geckos
  27 orcs
  8 giant cockroaches
  6 goblins
  7 hobgoblins
  9 jackals
  3 quokkas
  5 ball pythons
  6 bats
  4 frilled lizards
  A hobgoblin zombie (D:5)
  8 kobolds
  2 kobold zombies (D:5)
  A leopard gecko skeleton (D:6)
  An orc zombie (D:5)
  A quokka zombie (D:7)
  9 rats
197 creatures vanquished.

Notes
Turn   | Place    | Note
-------+----------+-------------------------------------------
     0 | D:1      | krabocopter the Demonspawn Gladiator began the quest for the Orb.
     0 | D:1      | Reached XP level 1. HP: 16/16 MP: 1/1
   366 | D:1      | Gained mutation: You have sharp fingernails. [demonic ancestry]
   366 | D:1      | Reached XP level 2. HP: 22/23 MP: 2/2
   866 | D:1      | Reached skill level 3 in Fighting
  1043 | D:2      | Gained mutation: You are partially covered in sharp spines. [demonic ancestry]
  1043 | D:2      | Reached XP level 3. HP: 29/29 MP: 3/3
  1771 | D:3      | Found a glowing drain.
  1797 | Sewer    | Entered a sewer
  1816 | Sewer    | Gained mutation: You have very sharp fingernails. [demonic ancestry]
  1816 | Sewer    | Reached XP level 4. HP: 17/37 MP: 4/4
  2011 | Sewer    | Noticed a big kobold
  2044 | Sewer    | Killed a big kobold
  2044 | Sewer    | Reached skill level 4 in Fighting
  2044 | Sewer    | Gained mutation: Your movements are slightly less encumbered by armour. (ER -2) [demonic ancestry]
  2044 | Sewer    | Reached XP level 5. HP: 23/43 MP: 5/5
  2191 | Sewer    | Found a glowing silver altar of Zin.
  2528 | D:3      | Reached skill level 1 in Unarmed Combat
  2786 | D:3      | Found a sacrificial altar of Ru.
  2855 | D:3      | Reached skill level 5 in Fighting
  2909 | D:4      | Noticed Duvessa
  2909 | D:4      | Noticed Dowan
  2971 | D:3      | Reached XP level 6. HP: 46/51 MP: 6/6
  3033 | D:3      | Killed Duvessa
  3034 | D:3      | Killed Dowan
  3334 | D:4      | Noticed Natasha
  3345 | D:4      | Killed Natasha
  3677 | D:4      | Noticed Natasha
  3680 | D:4      | Killed Natasha
  3680 | D:4      | Gained mutation: You are immune to rotting. [demonic ancestry]
  3680 | D:4      | Reached XP level 7. HP: 53/57 MP: 7/7
  3777 | D:4      | Reached skill level 5 in Dodging
  3862 | D:4      | Reached skill level 6 in Fighting
  3984 | D:5      | Entered Level 5 of the Dungeon
  4151 | D:5      | Gained mutation: You are weak. (Str -2) [potion of mutation]
  4151 | D:5      | Lost mutation: You are weak. (Str -2) [potion of mutation]
  4151 | D:5      | Gained mutation: You are resistant to hostile enchantments. (MR+) [potion of mutation]
  4287 | D:5      | Found a sacrificial altar of Ru.
  4998 | D:6      | Reached skill level 7 in Fighting
  4999 | D:6      | Reached XP level 8. HP: 39/67 MP: 8/8
  5350 | D:6      | Found a staircase to the Ecumenical Temple.
  5356 | Temple   | Entered the Ecumenical Temple
  6236 | D:6      | Reached skill level 8 in Fighting
  6724 | D:6      | Gained mutation: You may emit foul miasma when damaged in melee. [demonic ancestry]
  6724 | D:6      | Reached XP level 9. HP: 46/75 MP: 9/9
  6732 | D:6      | HP: 3/75 [yak (14)]
  6734 | D:6      | Reached skill level 9 in Fighting
  7484 | D:8      | Noticed a two-headed ogre
  7953 | D:8      | Killed a two-headed ogre
  7953 | D:8      | Reached skill level 10 in Fighting
  8270 | D:8      | Gained mutation: Your flesh is cold resistant. (rC+) [demonic ancestry]
  8270 | D:8      | Reached XP level 10. HP: 42/86 MP: 10/10
  8526 | D:9      | Found Cewaxije's Distillery.
  8941 | D:9      | Found Lidappue's Armour Shoppe.
  8993 | D:10     | Entered Level 10 of the Dungeon
  9247 | D:9      | Mangled by an orc warrior

Vault maps used:
D:1:      dpeg_arrival_snail, minmay_shallow_snake_nest
D:3:      marbit_many_paths, portal_sewer_entry_f
D:4:      minmay_fire_ice_demons, uniq_natasha, uniq_duvessa
D:5:      basic_altar, first_bread, minmay_mini_ossuary
D:6:      minmay_temple_entry_statues
D:8:      minivault_24, hangedman_little_slice_of_home
D:9:      david_orc_5, serial_undead, serial_undead_d, serial_undead_e,
          serial_undead_d, serial_undead_f, serial_shops,
          nicolae_shop_behind_doors, shop, shop, kennysheep_mini, shop,
          serial_bayou_pond_c, uniq_psyche
D:10:     enter_bailey_3, uniq_grum
Temple:   grunt_wide_crystal_templ
Sewer:    sewer_kobolds

Skill      XL: |  1  2  3  4  5  6  7  8  9 |
---------------+----------------------------+-----
Dodging        | 3 4 6 7 9 |  9.8
Fighting       | 3 4 5 7 8 10 | 10.9
Unarmed Combat | 1 |  1.2
Polearms       | |  2.6
Throwing       | |  1.7

Action                   |  1- 3 |  4- 6 |  7- 9 | 10-12 || total
-------------------------+-------+-------+-------+-------++-------
Melee: Trident           |   117 |   119 |   329 |    35 ||   600
       Unarmed           |       |    17 |       |       ||    17
       Punch             |       |       |     1 |       ||     1
       Spear             |       |       |       |    67 ||    67
 Abil: Evoke Berserk Rag |       |       |     1 |       ||     1
Evoke: Wand              |       |       |     1 |       ||     1
  Use: Potion            |     2 |     3 |     6 |     1 ||    12
       Scroll            |     1 |     2 |     8 |     1 ||    12
 Stab: Sleeping          |     1 |     2 |     3 |       ||     6
       Distracted        |       |     1 |     1 |       ||     2
       Paralysed         |       |       |     4 |       ||     4
  Eat: Chunk             |     3 |     6 |    16 |     3 ||    28
       Fruit             |       |       |     2 |       ||     2
Armor: Leather armour    |    21 |    16 |    48 |    13 ||    98
Dodge: Dodged            |    70 |    71 |   222 |    98 ||   461
